 Dungeon Crawl Stone Soup version 0.32-a0-172-gc5dd13f2a7 (webtiles) character file.

Game seed: 16895389082035477213

114 Newt the Slasher (level 4, -1/35 HPs)
             Began as a Demonspawn Gladiator on Feb 12, 2024.
             Slain by a river rat (6 damage)
             ... in a sewer.
             The game lasted 00:02:08 (2360 turns).

Newt the Slasher (Demonspawn Gladiator)             Turns: 2360, Time: 00:02:09

Health: -1/35      AC:  3    Str: 14    XL:     4   Next: 67%
Magic:  4/4        EV: 12    Int:  9    God:
Gold:   125        SH:  0    Dex: 16    Spells: 3/3 levels left

rFire   . . .        a - +0 long sword
rCold   . . .        (no shield)
rNeg    . . .        b - +0 leather armour
rPois   .            (helmet restricted)
rElec   .            (no cloak)
rCorr   .            (no gloves)
SInv    .            (no boots)
Will    .....        (no amulet)
Stlth   +            (no ring)
HPRegen 0.25/turn    (no ring)
MPRegen 0.09/turn

%: no passive effects
@: very slow
A: antennae 1
a: no special abilities


You were in a sewer.
You visited 1 branch of the dungeon, and saw 3 of its levels.
You also visited: Sewer.

You collected 125 gold pieces.

Inventory:

Hand Weapons
 a - a +0 long sword (weapon)
Missiles
 d - 2 throwing nets (quivered)
 e - 7 javelins
Armour
 b - a +0 leather armour (worn)
 c - a +0 helmet
Scrolls
 f - a scroll of poison {unknown}
 g - a scroll of blinking {unknown}
 k - a scroll of teleportation {unknown}
 m - a scroll of identify {unknown}
Potions
 h - 2 potions of resistance
 i - a potion of invisibility {unknown}
 j - a potion of berserk rage {unknown}
 l - a potion of brilliance


   Skills:
 + Level 3.2 Fighting
 * Level 4.3 Long Blades
 - Level 1.7 Throwing
 - Level 2.6 Dodging


You had 3 spell levels left.
You didn't know any spells.
Your spell library contained the following spells:

 Spells                   Type           Power      Damage    Failure   Level
 Summon Ice Beast         Ice/Summ       0%         N/A       83%         3
 Summon Mana Viper        Hex/Summ       0%         N/A       100%        5
 Monstrous Menagerie      Summ           0%         N/A       100%        7


Dungeon Overview and Level Annotations

Branches:
Dungeon (3/15)              Sewer (1/1)

Altars:


Innate Abilities, Weirdness & Mutations

You have a pair of small antennae on your head.


Message History

You enter the shallow water.
Moving in this stuff is going to be slow.
The river rat bites you!
You closely miss the river rat. The river rat bites you.
The river rat bites you but does no damage.
You hit the river rat.
The river rat is moderately wounded.
The river rat barely misses you.
You hit the river rat.
The river rat is severely wounded.
The river rat bites you.
You hit the river rat but do no damage.
The river rat is severely wounded.
An endoplasm comes into view.
The river rat misses you.
The endoplasm quivers.
You hit the river rat but do no damage.
The river rat is severely wounded.
The river rat bites you!
You are too injured to fight recklessly!
You are too injured to fight recklessly!
You are too injured to fight recklessly!
You are too injured to fight recklessly!
Unknown command.
You hit the river rat but do no damage.
The river rat is severely wounded.
The river rat bites you. The river rat closely misses you.
Unknown command.
Your unstable footing causes you to fumble your attack.
The endoplasm freezes you.
You are frozen.
* * * LOW HITPOINT WARNING * * *
The river rat misses you.
Unknown command.
Your unstable footing causes you to fumble your attack.
The endoplasm freezes you.
You are frozen.
* * * LOW HITPOINT WARNING * * *
The river rat bites you.
You die...

#..## ##.~~###
#...## ##~~~##
#~.~###~.~~#
##..~...~~##
###~~~~..##
#####
###....~~.##
#.~..
##~.~...~~.#
#...†
#~..~~rJ#~~.#
#~~##
..~##.@.##..~#
#.~#
.~##.~~~.##..~.
#.~# ..
#~.#~..#~~~.
#~.## #~.##.##
.## #....
#~†~### # #....
##∩~~. #####
##...~~ ###~~#
.~#


You could see a river rat and an endoplasm.

Vanquished Creatures
  4 gnolls (D:2)
  2 adders (Sewer)
  A dart slug (D:1)
  A ribbon worm (D:2)
  6 endoplasms
  3 giant cockroaches
  6 goblins
  9 hobgoblins
  A quokka (D:1)
  9 ball pythons
  4 bats
  4 frilled lizards
  A kobold (D:1)
  A rat (D:1)
52 creatures vanquished.

Notes
Turn   | Place    | Note
-------+----------+-------------------------------------------
     0 | D:1      | Newt the Demonspawn Gladiator began the quest for the Orb.
     0 | D:1      | Reached XP level 1. HP: 16/16 MP: 1/1
    19 | D:1      | Found a faded altar of an unknown god.
   120 | D:1      | Reached skill level 3 in Long Blades
   187 | D:1      | Gained mutation: You have a pair of small antennae on your
                  | head. [demonic ancestry]
   187 | D:1      | Reached XP level 2. HP: 22/22 MP: 2/2
   689 | D:2      | Reached XP level 3. HP: 11/28 MP: 3/3
  1100 | D:2      | Reached XP level 4. HP: 32/34 MP: 4/4
  1224 | D:2      | Reached skill level 4 in Long Blades
  1817 | D:3      | Found a glowing drain.
  1828 | Sewer    | Entered a sewer
  2360 | Sewer    | Slain by a river rat

Illustrated notes

Levels and vault maps discovered:
D:1:      minmay_arrival_plants_in_alcoves, layout_loops_ring,
          ebering_ecumenical_altar_abandoned
D:2:      layout_basic, chequers_serial_rivers_small_b
D:3:      layout_rooms, portal_sewer_entry_a, chequers_serial_rivers_room_a
Sewer:    sewer_hellmonk_slimy_pipes

Skill      XL: |  1  2  3  4 |
---------------+-------------+-----
Long Blades    | 3 4 |  4.3
Fighting       | 3 |  3.2
Throwing       | |  1.7
Dodging        | |  2.6

Action                     |  1- 3 |  4- 6 || total
---------------------------+-------+-------++-------
  Melee: Long sword        |    94 |    75 ||   169
  Throw: Javelin           |     1 |     4 ||     5
         Throwing net      |     2 |     3 ||     5
    Use: Scroll            |     1 |     1 ||     2
         Potion            |       |     3 ||     3
 Armour: Leather armour    |    55 |    64 ||   119
  Dodge: Dodged            |    71 |    71 ||   142

Table legend: (Time is in decaauts)
 A = Elapsed time spent in this place.
 B = Non-inter-level travel time spent in this place.
 C = Inter-level travel time spent in this place.
 D = Time resting spent in this place.
 E = Time spent auto-exploring this place.
 F = Levels seen in this place.
 G = Mean time per level.
                   A        B        C        D        E       F      G
               +--------+--------+--------+--------+--------+-----+--------+
         Total |   2410 |   2386 |     24 |    517 |   1414 |   4 |  602.5 |
       Dungeon |   1857 |   1833 |     24 |    196 |   1292 |   3 |  619.0 |
         Sewer |    553 |    553 |      0 |    321 |    122 |   1 |  553.0 |
               +--------+--------+--------+--------+--------+-----+--------+

Top non-repeatable levels by time:
     D:2: 1144 daAuts
     D:1: 687 daAuts
   Sewer: 553 daAuts
     D:3: 24 daAuts
